 Dungeon Crawl Stone Soup version 0.25-a0-632-g7713895 (webtiles) character file.

Game seed: 5110721908080558569, levelgen mode: deterministic

564919 Faels the Executioner (level 26, -11/217 HPs)
             Began as a Gnoll Wanderer on Mar 18, 2020.
             Was a High Priest of Okawaru.
             Killed from afar by a deep troll earth mage (42 damage)
             ... with a blast of metal fragments
             ... on level 5 of the Depths on Mar 19, 2020.
             The game lasted 05:58:34 (85408 turns).

Faels the Executioner (Gnoll Wanderer)             Turns: 85408, Time: 05:58:35

Health: -11/217    AC: 11    Str: 29    XL:     26   Next: 77%
Magic:  48/52      EV: 32    Int: 15    God:    Okawaru [*****.]
Gold:   113        SH: 33    Dex: 23    Spells: 3/58 levels left

rFire    + + +     SeeInvis +   a - +12 Vampire's Tooth {vamp}
rCold    + + +     Gourm    .   y - +5 tower shield {rF+}
rNeg     + + .     Faith    .   w - +0 faerie dragon scales {+Inv rElec rN+ rCorr Str+7 Clar}
rPois    +         Spirit   .   W - +1 hat {SInv}
rElec    +         Reflect  +   q - scarf {rC+ rF+}
rCorr    +         Harm     .   d - +0 pair of gloves of Kualoxiv {rElec MP+9}
MR       +++..     Clarity  +   D - +0 pair of boots of New Discoveries {rElec rC+ Stlth+}
Stlth    +++++++++.             A - amulet of Moderation {Reflect rElec rPois rC- Dex+4 SH+2}
HPRegen  0.46/turn              i - ring "Bidishro" {rElec rC+ MR+}
MPRegen  0.33/turn              v - ring of Zirphu Kuot {rPois rN+ MR+}

@: heroism, finesse, corroded, studying 2 skills
A: distributed training, fangs 1, yellow scales 1, cold resistance 1, fire
resistance 1, strong nose
}: 3/15 runes: serpentine, barnacled, silver
a: Heroism, Finesse, Renounce Religion, Evoke Invisibility


You were on level 5 of the Depths.
You worshipped Okawaru.
Okawaru was extremely pleased with you.
You were not hungry.

You visited 9 branches of the dungeon, and saw 45 of its levels.
You also visited: Gauntlet, Ice Cave and Desolation.

You collected 6686 gold pieces.
You spent 6573 gold pieces at shops.

Inventory:

Hand Weapons
 a - the +12 Vampire's Tooth (weapon) {vamp}
   (You found it on level 1 of the Depths)

   It inflicts no extra harm, but heals its wielder when it wounds a living foe.
 e - a +9 scimitar of freezing
Missiles
 o - 41 silver javelins
 J - 77 javelins (quivered)
 R - 22 poisoned darts
Armour
 d - the +0 pair of gloves of Kualoxiv (worn) {rElec MP+9}
   (Okawaru gifted it to you on level 3 of the Depths)

   It insulates you from electricity.
   It affects your magic capacity (+9).
 n - the +1 plate armour "Asapao" {rCorr}
   (You found it on level 5 of the Vaults)

   It provides partial protection from all sources of acid and corrosion.
 q - a scarf of resistance (worn)
 w - the +0 faerie dragon scales (worn) {+Inv rElec rN+ rCorr Str+7 Clar}
   (You took it off the Enchantress on level 1 of the Depths)

   It affects your strength (+7).
   It insulates you from electricity.
   It protects you from negative energy.
   It lets you turn invisible.
   It protects you against confusion.
   It provides partial protection from all sources of acid and corrosion.
 y - a +5 tower shield of fire resistance (worn)
 D - the +0 pair of boots of New Discoveries (worn) {rElec rC+ Stlth+}
   (You found it in a Gauntlet)

   It protects you from cold.
   It insulates you from electricity.
   It makes you more stealthy.
 W - a +1 hat of see invisible (worn)
Jewellery
 i - the ring "Bidishro" (left hand) {rElec rC+ MR+}
   (You found it in the Desolation of Salt)

   [ring of protection from magic]

   It protects you from cold.
   It insulates you from electricity.
   It affects your resistance to hostile enchantments.
 v - the ring of Zirphu Kuot (right hand) {rPois rN+ MR+}
   (You acquired it on level 4 of the Depths)

   [ring of poison resistance]

   It protects you from poison.
   It protects you from negative energy.
   It affects your resistance to hostile enchantments.
 A - the amulet of Moderation (around neck) {Reflect rElec rPois rC- Dex+4 SH+2}
   (You took it off a merfolk aquamancer on level 4 of the Shoals)

   [amulet of reflection]

   It shields you and reflects attacks.
   It affects your dexterity (+4).
   It makes you vulnerable to cold.
   It insulates you from electricity.
   It protects you from poison.
   It affects your SH (+2).
 F - an uncursed ring of protection from magic
Wands
 t - a wand of iceblast (40)
 u - a wand of polymorph (33)
 z - a wand of scattershot (6)
 B - a wand of paralysis (9)
 G - a wand of enslavement (36)
 I - a wand of disintegration (18)
 M - a wand of acid (32)
 T - a wand of digging (11)
 Z - a wand of clouds (9)
Scrolls
 h - 21 scrolls of remove curse
 k - 11 scrolls of teleportation
 s - a scroll of holy word
 x - 6 scrolls of identify
 K - 9 scrolls of magic mapping
 N - a scroll of fog
 O - 5 scrolls of blinking
 V - a scroll of fear
Potions
 b - 7 potions of lignification
 l - 8 potions of curing
 p - 2 potions of resistance
 C - 2 potions of cancellation
 E - a potion of magic
 H - 8 potions of stabbing
 L - 2 potions of invisibility
 P - 5 potions of ambrosia
 S - 5 potions of flight
 Y - a potion of haste
Books
 U - a manual of Translocations
 X - a manual of Axes
Miscellaneous
 c - a lightning rod (4/4)
 g - a lamp of fire
 j - a phial of floods
 m - a fan of gales
 r - a sack of spiders
Comestibles
 f - 38 rations


   Skills:
 + Level 19.7(24.7) Fighting
 + Level 16.8(21.8) Short Blades
 + Level 16.8(21.8) Long Blades
 + Level 21.1(26.1) Axes
 + Level 17.0(22.0) Maces & Flails
 + Level 16.8(21.8) Polearms
 + Level 16.8(21.8) Staves
 + Level 16.8(21.8) Slings
 + Level 16.8(21.8) Bows
 + Level 16.8(21.8) Crossbows
 + Level 16.8(21.8) Throwing
 + Level 17.0(22.0) Armour
 + Level 16.8(21.8) Dodging
 + Level 16.8(21.8) Stealth
 + Level 17.3(22.3) Shields
 + Level 16.8(21.8) Unarmed Combat
 + Level 16.8 Spellcasting
 + Level 14.5 Conjurations
 + Level 14.5 Hexes
 + Level 14.5 Charms
 + Level 14.5 Summonings
 + Level 14.5 Necromancy
 + Level 16.2 Translocations
 + Level 14.5 Transmutations
 + Level 14.5 Fire Magic
 + Level 14.5 Ice Magic
 + Level 14.5 Air Magic
 + Level 14.5 Earth Magic
 + Level 14.5 Poison Magic
 + Level 18.1 Invocations
 + Level 16.8 Evocations


You had 3 spell levels left.
You knew the following spells:

 Your Spells              Type           Power        Failure   Level  Hunger
a - Blink                 Tloc           N/A          0%          2    None
b - Silence               Hex/Air        ######....   1%          5    ####...
c - Passwall              Tmut/Erth      ######..     1%          2    None
d - Slow                  Hex            ######..     1%          2    None
e - Confusing Touch       Hex            ######..     1%          3    None
f - Fireball              Conj/Fire      ######....   1%          5    ####...
g - Summon Butterflies    Summ           ######..     1%          1    None
h - Dazzling Flash        Conj/Hex       ######       1%          3    None
i - Mephitic Cloud        Conj/Pois/Air  ######..     1%          3    None
j - Animate Dead          Necr           N/A          1%          4    None
k - Summon Lightning Spi  Summ/Air       ######..     1%          4    None
l - Cause Fear            Hex            ######....   1%          4    None
m - Fulminant Prism       Conj/Hex       ######....   1%          4    None
o - Petrify               Tmut/Erth      ######..     1%          4    None
p - Apportation           Tloc           ######       0%          1    None
q - Ignite Poison         Fire/Tmut/Pois ######..     1%          3    None
r - Lee's Rapid Deconstr  Erth           ######....   1%          5    ####...

Your spell library contained the following spells:

 Spells                   Type           Power        Failure   Level  Hunger
 Animate Skeleton         Necr           N/A          1%          1    None
 Corona                   Hex            ######.      1%          1    None
 Magic Dart               Conj           ####         1%          1    None
 Pain                     Necr           ####         1%          1    None
 Sandblast                Erth           ######       1%          1    None
 Summon Small Mammal      Summ           ####         1%          1    None
 Call Imp                 Summ           ######..     1%          2    None
 Ensorcelled Hibernation  Hex/Ice        ######       1%          2    None
 Poisonous Vapours        Pois/Air       ######       1%          2    None
 Searing Ray              Conj           ######       1%          2    None
 Sublimation of Blood     Necr           ######....   1%          2    None
 Call Canine Familiar     Summ           ######..     1%          3    None
 Conjure Flame            Conj/Fire      ######..     1%          3    None
 Gell's Gravitas          Tloc           ######....   1%          3    None
 Lesser Beckoning         Tloc           ######....   1%          3    None
 Recall                   Summ/Tloc      N/A          1%          3    None
 Spider Form              Tmut/Pois      ######....   1%          3    None
 Stone Arrow              Conj/Erth      ######       1%          3    None
 Summon Guardian Golem    Hex/Summ       ######..     1%          3    None
 Tukima's Dance           Hex            ######..     1%          3    None
 Vampiric Draining        Necr           ######....   1%          3    None
 Hailstorm                Conj/Ice       ######..     1%          4    None
 Iskenderun's Mystic Bla  Conj/Tloc      ######..     1%          4    None
 Summon Ice Beast         Ice/Summ       ######..     1%          4    None
 Agony                    Necr           ######..     1%          5    ####...
 Alistair's Intoxication  Tmut/Pois      ######..     1%          5    ####...
 Bolt of Magma            Conj/Fire/Erth ######....   1%          5    ####...
 Borgnjor's Vile Clutch   Necr/Erth      ######....   1%          5    ####...
 Irradiate                Conj/Tmut      ######....   1%          5    ####...
 Metabolic Englaciation   Hex/Ice        ######....   1%          5    ####...
 Summon Mana Viper        Hex/Summ       ######..     1%          5    ####...
 Yara's Violent Unravell  Hex/Tmut       ######....   1%          5    ####...
 Darkness                 Hex            ######....   3%          6    #####..
 Death Channel            Necr           ######....   3%          6    #####..
 Deflect Missiles         Chrm/Air       ######....   3%          6    #####..
 Eringya's Noxious Bog    Tmut/Pois      ######....   3%          6    #####..
 Freezing Cloud           Conj/Ice/Air   ######....   3%          6    #####..
 Invisibility             Hex            ######..     3%          6    #####..
 Ozocubu's Refrigeration  Ice            ######....   3%          6    #####..
 Shadow Creatures         Summ           N/A          3%          6    #####..
 Simulacrum               Ice/Necr       ######....   3%          6    #####..
 Starburst                Conj/Fire      ######....   3%          6    #####..
 Statue Form              Tmut/Erth      ######...    3%          6    #####..
 Malign Gateway           Summ/Tloc      ######....   12%         7    #######
 Ring of Flames           Chrm/Fire      ######....   17%         7    #######
 Summon Hydra             Summ           ######....   17%         7    #######
 Disjunction              Tloc           ######....   54%         8    #######
 Chain Lightning          Conj/Air       ######....   78%         8    #######
 Discord                  Hex            ######....   78%         8    #######
 Ignition                 Fire           ######....   78%         8    #######
 Lehudib's Crystal Spear  Conj/Erth      ######....   78%         8    #######
 Fire Storm               Conj/Fire      ######....   100%        9    #######
 Glaciate                 Conj/Ice       ######....   100%        9    #######


Dungeon Overview and Level Annotations

Branches:
Dungeon (15/15)            Temple (1/1) D:4            Lair (6/6) D:10
 Shoals (4/4) Lair:4        Snake (4/4) Lair:3        Slime (0/5) Lair:5
    Orc (2/2) D:9             Elf (3/3) Orc:2        Vaults (5/5) D:14
  Crypt (0/3) Vaults:3     Depths (5/5) D:15          IceCv (visited)
Desolation (visited)      Gauntlet (visited)
    Zot: Depths:5

Altars:
Ashenzari
Cheibriados
Dithmenos
Elyvilon
Fedhas
Gozag
Hepliaklqana
Kikubaaqudgha
Makhleb
Nemelex Xobeh
Okawaru
Qazlal
Ru
Sif Muna
Trog
Uskayaw
Vehumet
Wu Jian
Xom
Yredelemnul
Zin
The Shining One
Beogh

Shops:
D:4 *   D:5 }   D:6 [   D:10 *   D:11 (   Orc:2 :%[(   Elf:2 }   Vaults:1 }
Vaults:2 %   Depths:1 *   Depths:4 *:[}%

Portals:
Hell: Depths:1 Depths:2 Depths:3 Depths:4
Abyss: Depths:2 Depths:4
Pandemonium: Depths:1 Depths:2 Depths:3

Annotations:
D:12 3 runed translucent doors
Depths:1 Asterion
Depths:3 2 transporters, exclusion: obsidian statue


Innate Abilities, Weirdness & Mutations

Your experience applies equally to all skills.
You have very sharp teeth.
Your uncanny sense of smell can sniff out nearby items.
You are partially covered in yellow scales. (AC +2)
Your flesh is cold resistant. (rC+)
Your flesh is heat resistant. (rF+)


Message History

You puncture the tentacled monstrosity!
You kill the tentacled monstrosity!
Okawaru accepts your kill.
You can now speed up your combat.
Okawaru will now gift you equipment as you gain piety.
You feel much better.
You block the deep troll earth mage's attack. x2
The deep troll earth mage misses you.
You feel better.
You block the deep troll earth mage's attack. x2
The deep troll earth mage claws you.
* * * LOW HITPOINT WARNING * * *
Evoke which item? (* to show all) (? for menu, Esc to quit)
Aiming: Disintegrate
Press: ? - help, Shift-Dir - straight line, f - deep troll earth mage
Aim: a deep troll earth mage (moderately wounded, chance to defeat MR: 88%)
The deep troll earth mage is blasted!
The deep troll earth mage casts a spell at you.
The metal wall shatters!
The blast of metal fragments hits you!!!
You die...

# # ∆ # ∆
# ∆∆ #
########
#
#)$....#
#
#?..#.###
#
#T(#.#..
# #@#.#.#
# #.(#.#
# #[#.#.#
# ###...+
# ##### #
∆ ∆ # ∆ #
∆ # ∆


You could see a deep troll earth mage.

Vanquished Creatures
  An ancient lich (Vaults:4)
  Bai Suzhen (Depths:2)
  The ghost of malesh the Slayer, a veteran HOFi of Zin (Depths:3)
  Frederick (Depths:3)
  Vashnia (Snake:2)
  2 golden dragons
  3 caustic shrikes
  A bone dragon (Vaults:3)
  the Enchantress (Depths:1)
  2 Ice Fiends (IceCv)
  8 tentacled monstrosities
  Rupert (D:14)
  3 liches
  10 titans
  2 deep elf master archers (Elf:3)
  A quicksilver dragon (Vaults:5)
  2 krakens (Shoals:4)
  3 deep elf blademasters
  Polyphemus (Shoals:3)
  5 sphinxes
  The ghost of jonnos the Severer, an adept MiBe of Trog (Snake:4)
  Gastronok (D:11)
  6 shadow dragons
  5 storm dragons
  Kirke (Lair:4)
  7 tengu reavers
  14 nagarajas
  2 orc warlords
  3 fire giants
  An iron dragon (Depths:4)
  10 vault wardens
  5 frost giants
  5 deep elf elementalists
  8 deep elf sorcerers
  Aizul (Snake:4)
  The ghost of Kawot the Thaumaturge, a journeyman GnWz of Cheibriados (Orc:1)
  A cacodemon (Orc:2)
  2 imperial myrmidons (Desolation)
  3 war gargoyles
  5 spriggan defenders
  Louise (Depths:2)
  9 vampire knights
  17 very ugly things
  9 ironheart preservers
  3 entropy weavers
  8 deep elf demonologists
  19 stone giants
  Nessos (Lair:4)
  14 deep elf annihilators
  A minotaur (Gauntlet)
  A halazid warlock (Desolation)
  4 crystal guardians
  An ettin (shapeshifter) (Depths:5)
  15 ettins
  5 merfolk javelineers (Shoals:4)
  The ghost of Oboafuewe the Zephyrmancer, a journeyman GnWn of Okawaru (D:12)
  10 fire dragons
  8 deep elf death magi
  7 great orbs of eyes
  2 deep elf high priests
  9 yaktaur captains
  9 ragged hierophants (Desolation)
  5 merfolk impalers
  3 servants of whispers
  6 rakshasas
  31 vault guards
  4 spriggan air magi
  5 ice dragons
  6 hydras
  36 naga warriors
  2 catoblepae
  Fannar (Orc:1)
  A caustic shrike simulacrum (Depths:1)
  4 peacekeepers (Desolation)
  A hell beast (Depths:2)
  2 death knights
  3 merfolk avatars (Shoals:4)
  13 anacondas
  12 centaur warriors
  52 two-headed ogres
  9 merfolk aquamancers
  23 dancing weapons
  12 tengu warriors
  The ghost of lightray the Firebug, a novice DrFE of Dithmenos (D:10)
  6 deep troll shamans
  17 ogre magi
  3 deep troll earth magi
  4 spriggan berserkers
  3 hell knights
  3 vampire magi
  8 death yaks
  2 small abominations (Elf:3)
  2 orc high priests (Orc:2)
  Sonja (D:12)
  A shock serpent (shapeshifter) (Depths:2)
  A storm dragon zombie (Vaults:5)
  8 shock serpents
  13 naga sharpshooters
  Urug (Lair:4)
  2 shadow wraiths
  23 deep elf knights
  4 salamander mystics
  Nergalle (D:10)
  2 iron trolls (Depths:3)
  4 skeletal warriors
  A storm dragon skeleton (Depths:1)
  10 sea snakes
  A sixfirhy (Depths:1)
  An unseen horror (shapeshifter) (Vaults:4)
  2 glowing orange brains
  6 wizards
  2 large abominations (Elf:3)
  6 flayed ghosts
  19 deep trolls
  An orange crystal statue (Depths:2)
  8 naga ritualists
  5 phantasmal warriors
  A lindwurm (Lair:6)
  12 deep elf archers
  An obsidian statue (D:12)
  5 necromancers
  10 orc knights
  22 harpies
  14 ironbrand convokers
  A mana viper (shapeshifter) (Vaults:3)
  8 mana vipers
  5 wolf spiders
  4 orc sorcerers
  85 deep elf magi
  3 oklob plants
  43 ugly things
  A faun (Shoals:1)
  2 wolf spider zombies
  15 salamanders
  2 stone giant zombies
  10 cyclopes
  15 manticores
  A worldbinder (Gauntlet)
  15 guardian serpents
  5 elephants
  3 ice statues
  A torpor snail (Lair:4)
  A stone giant skeleton (Depths:1)
  35 black mambas
  Joseph (D:7)
  A centaur zombie (D:15)
  3 water nymphs
  A rust devil (Depths:3)
  12 vault sentinels
  7 merfolk sirens
  17 naga magi
  3 orange demons
  3 gargoyles
  A rime drake (shapeshifter) (Vaults:3)
  4 molten gargoyles
  Maggie (D:8)
  17 spiny frogs
  A titan simulacrum (Depths:1)
  A hellion (Depths:1)
  5 freezing wraiths
  3 rime drakes
  20 yaktaurs
  A hellwing (Depths:2)
  17 komodo dragons
  An efreet (D:10)
  A yaktaur (shapeshifter) (Vaults:5)
  2 kobold demonologists
  15 ice devils
  The ghost of crub the Skirmisher, an amateur MiMo (D:5)
  2 red devils
  2 tengu conjurers
  A polar bear (Lair:5)
  4 wind drakes
  32 merfolk
  3 human skeletons
  8 trolls
  A jumping spider (Vaults:5)
  2 yaktaur skeletons (Vaults:4)
  A queen bee (D:10)
  A meliai (shapeshifter) (Vaults:3)
  23 slime creatures
  A dream sheep (shapeshifter) (Vaults:3)
  12 hornets
  15 snapping turtles
  A harpy skeleton (Vaults:1)
  6 dream sheep
  46 saltlings
  12 blink frogs
  5 hippogriffs
  A blink frog (shapeshifter) (Elf:2)
  A stone giant simulacrum (Vaults:2)
  2 spriggans (shapeshifter) (Vaults:5)
  2 air elementals (Elf:1)
  A deep troll skeleton (Depths:1)
  A shadow (D:14)
  A redback (shapeshifter) (Elf:1)
  A tarantella (shapeshifter) (Vaults:5)
  2 centaur simulacra
  2 redbacks (Vaults:2)
  37 yaks
  8 spriggans
  6 wyverns
  15 water elementals
  3 wraiths
  A fire elemental (Lair:2)
  2 basilisks
  7 hungry ghosts
  3 chaos spawn
  A neqoxec (Gauntlet)
  Grum (D:11)
  2 steam dragons
  4 vampire mosquitoes (D:14)
  A swamp worm (shapeshifter) (Depths:2)
  9 wargs
  77 nagas
  4 acid dragons
  19 water moccasins
  3 hell hounds (Lair:6)
  Duvessa (D:6)
  5 porcupines
  2 eyes of draining
  A hornet zombie (D:8)
  48 orc warriors
  An ice beast (D:6)
  4 sky beasts
  An ice beast (shapeshifter) (Vaults:5)
  4 black bears
  7 wolves
  A black bear (shapeshifter) (Vaults:3)
  2 phantoms
  14 boggarts
  8 centaurs
  An ettin simulacrum (Vaults:5)
  45 ogres
  An elf skeleton (Vaults:4)
  17 crocodiles
  5 big kobolds
  20 bullfrogs
  An earth elemental (Elf:3)
  Dowan (D:6)
  A hornet simulacrum (D:15)
  A wyvern skeleton (D:14)
  9 scorpions
  30 killer bees
  20 wights
  2 electric eels (Lair:2)
  5 howler monkeys (D:7)
  14 crimson imps
  8 lava snakes
  2 quasits
  2 bullfrog zombies
  A gnoll shaman (D:5)
  4 iron imps
  2 bullfrog skeletons
  8 jellies
  5 centaur skeletons
  29 orc priests
  8 hounds
  8 iguanas
  34 orc wizards
  6 worker ants
  A hound skeleton (D:8)
  7 gnolls (D:5)
  13 adders
  11 white imps
  9 shadow imps
  8 ufetubi
  An ooze (Lair:5)
  4 worms
  6 dart slugs
  8 leopard geckos
  130 orcs
  A ball python (D:1)
  5 giant cockroaches
  5 goblins
  9 hobgoblins
  5 jackals
  8 bats
  6 frilled lizards
  17 kobolds
  A leopard gecko skeleton (D:9)
  7 rats
  3 crawling corpses (Elf:3)
  A fire vortex (Depths:4)
  A plant (Shoals:2)
  8 tentacles (Shoals:4)
2207 creatures vanquished.

Vanquished Creatures (collateral kills)
  3 very ugly things (Depths:3)
  An ice dragon (Depths:3)
  A vault guard (Vaults:5)
  2 deep trolls (Depths:3)
  An ironbrand convoker (Vaults:1)
  A hornet (Depths:1)
  A human zombie (Vaults:1)
  A crimson imp (Depths:1)
  A white imp (Depths:1)
12 creatures vanquished.

Vanquished Creatures (others)
  2 fire giants
  5 yaktaur captains
  A satyr (Shoals:3)
  A centaur warrior (Depths:2)
  2 hell knights (Depths:3)
  3 deep elf archers
  A harpy (Shoals:2)
  A deep elf mage (Elf:3)
  2 manticores
  5 yaktaurs
  3 water elementals
  A shadow (D:15)
  5 humans (Lair:4)
  An orc warrior (D:12)
  3 centaurs
  A jelly (D:10)
  An orc priest (D:12)
  A worker ant (D:11)
  4 white imps (IceCv)
  3 ufetubi (IceCv)
  An orc (D:12)
  2 fulminant prisms (D:14)
  10 fungi
  13 plants
  17 tentacles (Shoals:4)
  2 withered plants (D:5)
91 creatures vanquished.

Grand Total: 2310 creatures vanquished

Notes
Turn   | Place    | Note
-------+----------+-------------------------------------------
     0 | D:1      | Faels the Gnoll Wanderer began the quest for the Orb.
     0 | D:1      | Faels set off with the following items: a +2 mace, a potion
                  | of lignification, a +0 buckler, a +0 robe, a ration
     0 | D:1      | Reached XP level 1. HP: 31/31 MP: 1/1
    41 | D:1      | Reached XP level 2. HP: 33/38 MP: 2/2
   369 | D:1      | Reached XP level 3. HP: 44/44 MP: 3/3
   689 | D:1      | Reached skill level 1 in Invocations
   973 | D:2      | Reached skill level 1 in Short Blades
   973 | D:2      | Reached skill level 1 in Long Blades
   973 | D:2      | Reached skill level 1 in Axes
   973 | D:2      | Reached skill level 1 in Polearms
   973 | D:2      | Reached skill level 1 in Staves
   973 | D:2      | Reached skill level 1 in Slings
   973 | D:2      | Reached skill level 1 in Bows
   973 | D:2      | Reached skill level 1 in Crossbows
   973 | D:2      | Reached skill level 1 in Throwing
   973 | D:2      | Reached skill level 1 in Dodging
   973 | D:2      | Reached skill level 1 in Stealth
   973 | D:2      | Reached skill level 1 in Unarmed Combat
   973 | D:2      | Reached skill level 1 in Spellcasting
   973 | D:2      | Reached skill level 1 in Evocations
   973 | D:2      | Reached XP level 4. HP: 49/51 MP: 5/5
  1194 | D:2      | Reached skill level 1 in Conjurations
  1194 | D:2      | Reached skill level 1 in Hexes
  1194 | D:2      | Reached skill level 1 in Charms
  1194 | D:2      | Reached skill level 1 in Summonings
  1194 | D:2      | Reached skill level 1 in Necromancy
  1194 | D:2      | Reached skill level 1 in Translocations
  1194 | D:2      | Reached skill level 1 in Transmutations
  1194 | D:2      | Reached skill level 1 in Fire Magic
  1194 | D:2      | Reached skill level 1 in Ice Magic
  1194 | D:2      | Reached skill level 1 in Air Magic
  1194 | D:2      | Reached skill level 1 in Earth Magic
  1194 | D:2      | Reached skill level 1 in Poison Magic
  1222 | D:2      | Found a shimmering altar of Xom.
  1225 | D:2      | Found a shimmering altar of Xom.
  1225 | D:2      | Found a shimmering altar of Xom.
  1235 | D:2      | Found a shimmering altar of Xom.
  1414 | D:2      | Found a glowing silver altar of Zin.
  1609 | D:3      | Reached XP level 5. HP: 54/57 MP: 6/6
  2080 | D:3      | Found a blossoming altar of Fedhas.
  2232 | D:3      | Found a basalt altar of Yredelemnul.
  2245 | D:3      | Found a burning altar of Makhleb.
  2247 | D:3      | Found a shattered altar of Ashenzari.
  2568 | D:4      | Reached XP level 6. HP: 57/64 MP: 8/8
  2700 | D:4      | Reached skill level 2 in Axes
  2700 | D:4      | Reached skill level 5 in Shields
  3073 | D:4      | Reached XP level 7. HP: 65/70 MP: 10/10
  3186 | D:4      | Found Yssekiemus's Assorted Antiques.
  3189 | D:4      | Bought a runed long sword for 136 gold pieces
  3189 | D:4      | Bought a scroll labeled CETEOSCHIOL for 21 gold pieces
  3189 | D:4      | Bought a viscous dark potion for 18 gold pieces
  3374 | D:4      | Found a staircase to the Ecumenical Temple.
  3381 | Temple   | Entered the Ecumenical Temple
  3428 | Temple   | Became a worshipper of Warmaster Okawaru
  3644 | D:4      | Found a snail-covered altar of Cheibriados.
  3910 | D:5      | Entered Level 5 of the Dungeon
  3935 | D:5      | Found Funaloenk's Gadget Shoppe.
  4449 | D:5      | Found a runed translucent door.
  4451 | D:5      | Noticed crub's ghost (amateur MiMo)
  4459 | D:5      | Reached XP level 8. HP: 76/76 MP: 12/12
  4597 | D:5      | Reached skill level 3 in Axes
  5182 | D:6      | Noticed a hippogriff
  5196 | D:6      | Killed a hippogriff
  5196 | D:6      | Reached * piety under Okawaru
  5380 | D:6      | Found a bloodstained altar of Trog.
  5723 | D:6      | Found Miagacuu's Armour Boutique.
  5741 | D:6      | Noticed Duvessa
  5741 | D:6      | Noticed Dowan
  5765 | D:6      | Killed Duvessa
  5776 | D:6      | Killed Dowan
  5921 | D:6      | Reached XP level 9. HP: 83/83 MP: 14/14
  6095 | D:6      | Found a sacrificial altar of Ru.
  6096 | D:6      | Found an ornate altar of the Wu Jian Council.
  6154 | D:6      | Found a radiant altar of Vehumet.
  6250 | D:7      | Noticed Joseph
  6354 | D:7      | Killed Joseph
  6354 | D:7      | Reached ** piety under Okawaru
  6354 | D:7      | Reached skill level 4 in Axes
  6479 | D:7      | Reached skill level 5 in Maces & Flails
  6479 | D:7      | Reached skill level 5 in Armour
  7030 | D:7      | Reached *** piety under Okawaru
  7030 | D:7      | Reached skill level 5 in Invocations
  7177 | D:7      | Reached XP level 10. HP: 86/91 MP: 15/17
  7613 | D:5      | Killed crub's ghost
  7747 | D:8      | Noticed Maggie
  7757 | D:8      | Killed Maggie
  7757 | D:8      | Reached skill level 5 in Short Blades
  7757 | D:8      | Reached skill level 5 in Long Blades
  7757 | D:8      | Reached skill level 5 in Axes
  7757 | D:8      | Reached skill level 5 in Polearms
  7757 | D:8      | Reached skill level 5 in Staves
  7757 | D:8      | Reached skill level 5 in Slings
  7757 | D:8      | Reached skill level 5 in Bows
  7757 | D:8      | Reached skill level 5 in Crossbows
  7757 | D:8      | Reached skill level 5 in Throwing
  7757 | D:8      | Reached skill level 5 in Dodging
  7757 | D:8      | Reached skill level 5 in Stealth
  7757 | D:8      | Reached skill level 5 in Unarmed Combat
  7757 | D:8      | Reached skill level 5 in Spellcasting
  7757 | D:8      | Reached skill level 5 in Evocations
  8087 | D:8      | Noticed a two-headed ogre
  8175 | D:8      | Killed a two-headed ogre
  8175 | D:8      | Reached **** piety under Okawaru
  8565 | D:8      | Found a blossoming altar of Fedhas.
  8567 | D:8      | Noticed an oklob plant
  8567 | D:8      | Noticed an oklob plant
  8637 | D:8      | Killed an oklob plant
  8857 | D:8      | Killed an oklob plant
  9090 | D:6      | Bought the cursed +1 chain mail "Cun Ivek" {-Cast +Fly
                  | rElec Stlth+} for 257 gold pieces
  9182 | D:9      | Reached ***** piety under Okawaru
  9215 | D:9      | Reached XP level 11. HP: 92/98 MP: 17/19
  9306 | D:9      | Learned a level 2 spell: Blink
  9309 | D:9      | Learned a level 2 spell: Call Imp
  9312 | D:9      | Learned a level 2 spell: Passwall
  9315 | D:9      | Learned a level 2 spell: Slow
  9443 | D:9      | Noticed a cyclops
  9466 | D:9      | Killed a cyclops
  9685 | D:9      | Gained mutation: Your mind is acute. (Int +2) [potion of
                  | mutation]
  9685 | D:9      | Gained mutation: You expend magic power (3 MP) to
                  | strengthen your wands. [potion of mutation]
  9685 | D:9      | Gained mutation: Your flesh is heat resistant. (rF+)
                  | [potion of mutation]
  9781 | D:9      | Found a staircase to the Orcish Mines.
  9815 | D:9      | Found a roughly hewn altar of Beogh.
 10064 | D:9      | Learned a level 3 spell: Confusing Touch
 10152 | D:10     | Entered Level 10 of the Dungeon
 10175 | D:10     | Reached skill level 6 in Axes
 10194 | D:10     | Noticed a death yak
 10205 | D:10     | Killed a death yak
 10205 | D:10     | Reached skill level 5 in Conjurations
 10205 | D:10     | Reached skill level 5 in Hexes
 10205 | D:10     | Reached skill level 5 in Charms
 10205 | D:10     | Reached skill level 5 in Summonings
 10205 | D:10     | Reached skill level 5 in Necromancy
 10205 | D:10     | Reached skill level 5 in Translocations
 10205 | D:10     | Reached skill level 5 in Transmutations
 10205 | D:10     | Reached skill level 5 in Fire Magic
 10205 | D:10     | Reached skill level 5 in Ice Magic
 10205 | D:10     | Reached skill level 5 in Air Magic
 10205 | D:10     | Reached skill level 5 in Earth Magic
 10205 | D:10     | Reached skill level 5 in Poison Magic
 10223 | D:9      | Received a gift from Okawaru
 10358 | D:10     | Found a staircase to the Lair.
 10382 | D:10     | Found a runed translucent gate.
 10382 | D:10     | Found a runed translucent gate.
 10382 | D:10     | Found a runed translucent gate.
 10409 | D:10     | Found an opulent altar of Gozag.
 10409 | D:10     | Found Niddok's Assorted Antiques.
 10411 | D:10     | Noticed an ogre mage
 10411 | D:10     | Noticed lightray's ghost (novice DrFE)
 10504 | D:10     | Killed an ogre mage
 10537 | D:10     | Noticed a two-headed ogre
 10552 | D:10     | Killed a two-headed ogre
 10552 | D:10     | Received a gift from Okawaru
 10557 | D:10     | Got a bloodstained crystal plate armour {god gift}
 10599 | D:10     | Identified the +1 crystal plate armour "Bopoaps" {rC++
                  | Regen+ Dex-3 Stlth+} (Okawaru gifted it to you on level 10
                  | of the Dungeon)
 10723 | D:10     | Killed lightray's ghost
 10823 | D:10     | Bought a scroll of identify for 58 gold pieces
 11161 | D:10     | Reached XP level 12. HP: 97/105 MP: 17/22
 11326 | D:10     | Noticed Nergalle
 11338 | D:10     | Killed Nergalle
 11495 | D:11     | Noticed Gastronok
 11529 | D:11     | Killed Gastronok
 11529 | D:11     | Reached skill level 7 in Axes
 12329 | D:11     | Noticed Grum
 12338 | D:11     | Killed Grum
 12608 | D:11     | Got a shimmering ring mail
 12609 | D:11     | Identified the cursed +1 ring mail "Cenk" {rElec} (You
                  | found it on level 11 of the Dungeon)
 12631 | D:11     | Found Veedein's Weapon Shoppe.
 12834 | Lair:1   | Entered Level 1 of the Lair of Beasts
 12921 | Lair:1   | Reached XP level 13. HP: 112/112 MP: 24/24
 12992 | Lair:1   | Found a white marble altar of Elyvilon.
 13878 | Lair:2   | You fall into a shaft and drop 2 floors!
 13880 | Lair:4   | Noticed Nessos
 13885 | Lair:4   | Found a staircase to the Shoals.
 14046 | Lair:3   | Found a staircase to the Snake Pit.
 14128 | Lair:2   | Noticed a fire dragon
 14129 | Lair:2   | Reached skill level 8 in Axes
 14161 | Lair:2   | Killed a fire dragon
 14619 | Lair:2   | You fall into a shaft and drop 2 floors!
 14619 | Lair:4   | Noticed Urug
 14636 | Lair:4   | Killed Urug
 14661 | Lair:4   | Received a gift from Okawaru
 14908 | Lair:2   | You fall into a shaft and drop 2 floors!
 16118 | Lair:3   | Received a gift from Okawaru
 16760 | Lair:4   | Reached XP level 14. HP: 92/120 MP: 15/26
 16842 | Lair:4   | Noticed Kirke
 16848 | Lair:4   | Killed Nessos
 16863 | Lair:4   | Killed Kirke
 17370 | Lair:4   | Received a gift from Okawaru
 17370 | Lair:4   | Reached skill level 10 in Shields
 17804 | Lair:5   | Received a gift from Okawaru
 17930 | Lair:5   | Reached skill level 9 in Axes
 17936 | Lair:5   | Found a staircase to the Slime Pits.
 18050 | Lair:5   | Received a gift from Okawaru
 18665 | Lair:5   | Received a gift from Okawaru
 18993 | Lair:6   | Entered Level 6 of the Lair of Beasts
 19063 | Lair:6   | Identified a scroll of acquirement
 19063 | Lair:6   | Identified the Volume of Icy Displacement (You acquired it
                  | on level 6 of the Lair of Beasts)
 19063 | Lair:6   | Identified the ring "Feoferan" {MP+9 Slay+5} (You acquired
                  | it on level 6 of the Lair of Beasts)
 19139 | Lair:6   | Reached skill level 10 in Invocations
 19177 | Lair:6   | Found a gate leading to a gauntlet.
 19204 | Gauntlet | Entered a Gauntlet
 19204 | Gauntlet | Found a transporter.
 19207 | Gauntlet | Found a transporter.
 19209 | Gauntlet | Found a transporter.
 19218 | Gauntlet | Found a transporter.
 19220 | Gauntlet | Found a transporter.
 19229 | Gauntlet | Found a transporter.
 19245 | Gauntlet | Found a transporter.
 19257 | Gauntlet | Found a transporter.
 19266 | Gauntlet | Found a transporter.
 19270 | Gauntlet | Found a runed translucent door.
 19285 | Gauntlet | Found a transporter.
 19296 | Gauntlet | Found a transporter.
 19296 | Gauntlet | Found a transporter.
 19350 | Gauntlet | Found a transporter.
 19364 | Gauntlet | Found a transporter.
 19627 | Gauntlet | Got a pair of ancient boots
 19638 | Gauntlet | Identified the cursed +0 pair of boots of New Discoveries
                  | {rElec rC+ Stlth+} (You found it in a Gauntlet)
 19697 | Gauntlet | Identified the Reference Book on Displacement and Feathers
 20274 | Lair:6   | Found a large runed translucent door.
 20274 | Lair:6   | Found a large runed translucent door.
 20475 | Lair:6   | Received a gift from Okawaru
 20536 | Lair:6   | Reached XP level 15. HP: 127/127 MP: 28/28
 21354 | Lair:6   | Upgraded the game from 0.25-a0-631-gc915619 to
                  | 0.25-a0-632-g7713895
 21473 | Orc:1    | Entered Level 1 of the Orcish Mines
 21603 | Orc:1    | Reached skill level 10 in Maces & Flails
 21603 | Orc:1    | Reached skill level 10 in Armour
 21902 | Orc:1    | Noticed Fannar
 21917 | Orc:1    | Killed Fannar
 21917 | Orc:1    | Reached skill level 10 in Axes
 22090 | Orc:1    | Found a runed translucent door.
 22095 | Orc:1    | Found a shimmering altar of Xom.
 22095 | Orc:1    | Noticed Kawot's ghost (journeyman GnWz)
 22141 | Orc:1    | Killed Kawot's ghost
 22237 | Orc:1    | Identified the Papyrus of Transformation
 22298 | Orc:2    | Entered Level 2 of the Orcish Mines
 22298 | Orc:2    | Noticed an orc warlord
 22341 | Orc:1    | Killed an orc warlord
 22583 | Orc:2    | Found a roughly hewn altar of Beogh.
 22764 | Orc:2    | Found a roughly hewn altar of Beogh.
 22975 | Orc:2    | Found a roughly hewn altar of Beogh.
 22985 | Orc:2    | Found Yfup's Food Shoppe.
 23268 | Orc:2    | Noticed an orc warlord
 23280 | Orc:2    | Received a gift from Okawaru
 23290 | Orc:2    | Killed an orc warlord
 23399 | Orc:2    | Received a gift from Okawaru
 23704 | Orc:2    | Found Juomymn's Antique Armour Shop.
 23708 | Orc:2    | Found a roughly hewn altar of Beogh.
 23714 | Orc:2    | Found Opliyr's Antique Weapon Boutique.
 23725 | Orc:2    | Bought a steaming scimitar for 324 gold pieces
 23725 | Orc:2    | Identified the +6 scimitar "Wuqotiq" {drain, +Blink} (You
                  | bought it in a shop on level 2 of the Orcish Mines)
 23737 | Orc:2    | Bought an iridescent falchion for 288 gold pieces
 23737 | Orc:2    | Identified the +8 falchion of the Original Sin {holy,
                  | *Contam *Slow Int+7 Stlth+} (You bought it in a shop on
                  | level 2 of the Orcish Mines)
 23823 | Orc:2    | Found a roughly hewn altar of Beogh.
 23861 | Orc:2    | Reached skill level 10 in Short Blades
 23861 | Orc:2    | Reached skill level 10 in Long Blades
 23861 | Orc:2    | Reached skill level 10 in Polearms
 23861 | Orc:2    | Reached skill level 10 in Staves
 23861 | Orc:2    | Reached skill level 10 in Slings
 23861 | Orc:2    | Reached skill level 10 in Bows
 23861 | Orc:2    | Reached skill level 10 in Crossbows
 23861 | Orc:2    | Reached skill level 10 in Throwing
 23861 | Orc:2    | Reached skill level 10 in Dodging
 23861 | Orc:2    | Reached skill level 10 in Stealth
 23861 | Orc:2    | Reached skill level 10 in Unarmed Combat
 23861 | Orc:2    | Reached skill level 10 in Spellcasting
 23861 | Orc:2    | Reached skill level 10 in Evocations
 23862 | Orc:2    | Found a roughly hewn altar of Beogh.
 24054 | Orc:2    | Found a staircase to the Elven Halls.
 24086 | Orc:2    | Found a roughly hewn altar of Beogh.
 24200 | Orc:2    | Found a roughly hewn altar of Beogh.
 24208 | Orc:2    | Found Poeb's Book Shop.
 24391 | Orc:2    | Bought a dazzling hand crossbow for 306 gold pieces
 24410 | Orc:2    | Identified the +5 hand crossbow of Grace {flame, +Blink
                  | rElec Int+4} (You bought it in a shop on level 2 of the
                  | Orcish Mines)
 25085 | D:12     | Found a runed translucent gate.
 25085 | D:12     | Found a runed translucent gate.
 25090 | D:12     | Found a runed translucent gate.
 25090 | D:12     | Noticed Oboafuewe's ghost (journeyman GnWn)
 25090 | D:12     | Identified the +4 quarterstaff of the Skies Above {flame,
                  | rC+ Int+2}
 25090 | D:12     | Identified the +2 plate armour of Too Many Cooks {-Cast
                  | rPois rN+++ MR+}
 25124 | D:12     | Found a roughly hewn altar of Beogh.
 25176 | D:12     | Killed Oboafuewe's ghost
 25176 | D:12     | Reached skill level 15 in Fighting
 25459 | D:12     | Noticed Sonja
 25467 | D:12     | Killed Sonja
 25467 | D:12     | Received a gift from Okawaru
 25629 | D:12     | Found a runed translucent door.
 25652 | D:12     | Found a runed translucent door.
 25668 | D:12     | Found a runed translucent door.
 25677 | D:12     | Found a runed translucent door.
 26081 | D:13     | Received a gift from Okawaru
 26640 | D:5      | Bought a sack of spiders for 300 gold pieces
 26640 | D:5      | Bought a fan of gales for 600 gold pieces
 26832 | D:13     | Received a gift from Okawaru
 26842 | D:13     | Reached skill level 11 in Axes
 26973 | D:13     | Got a jewelled falchion
 26974 | D:13     | Identified the +8 falchion of Fate {vorpal, Int+3} (You
                  | found it on level 13 of the Dungeon)
 27340 | D:14     | Found a stormy altar of Qazlal.
 27640 | D:14     | Found a blossoming altar of Fedhas.
 27665 | D:14     | Received a gift from Okawaru
 27683 | D:14     | Reached XP level 16. HP: 51/136 MP: 28/30
 27827 | D:14     | Received a gift from Okawaru
 28107 | D:14     | Noticed Rupert
 28130 | D:14     | Killed Rupert
 28944 | D:14     | Found a gate to the Vaults.
 29192 | D:15     | Entered Level 15 of the Dungeon
 29213 | D:15     | Received a gift from Okawaru
 29455 | D:15     | Received a gift from Okawaru
 30103 | D:15     | Got a smoking arbalest {god gift}
 30209 | D:15     | Identified the +10 arbalest of Sala {flame, rElec rC+
                  | Str+2} (Okawaru gifted it to you on level 15 of the
                  | Dungeon)
 30266 | D:15     | Found a staircase to the Depths.
 30464 | D:15     | Got an ichor-stained ring mail
 30481 | D:14     | Identified the +5 ring mail of Abstinence {Int+5} (You
                  | found it on level 15 of the Dungeon)
 31016 | Snake:1  | Entered Level 1 of the Snake Pit
 31100 | Snake:1  | Reached skill level 12 in Axes
 31227 | Snake:1  | Noticed a nagaraja
 31240 | Snake:1  | Killed a nagaraja
 32037 | Snake:1  | Received a gift from Okawaru
 33223 | Snake:1  | Reached XP level 17. HP: 129/142 MP: 32/32
 33560 | Snake:2  | Received a gift from Okawaru
 34163 | Snake:2  | Noticed Vashnia
 34193 | Snake:2  | Received a gift from Okawaru
 34241 | Snake:2  | Killed Vashnia
 35268 | Snake:2  | Reached skill level 13 in Axes
 35936 | D:5      | Bought a phial of floods for 600 gold pieces
 36577 | Snake:3  | Received a gift from Okawaru
 37943 | Snake:4  | Entered Level 4 of the Snake Pit
 38000 | Snake:4  | Received a gift from Okawaru
 38495 | Snake:4  | Reached skill level 10 in Conjurations
 38495 | Snake:4  | Reached skill level 10 in Hexes
 38495 | Snake:4  | Reached skill level 10 in Charms
 38495 | Snake:4  | Reached skill level 10 in Summonings
 38495 | Snake:4  | Reached skill level 10 in Necromancy
 38495 | Snake:4  | Reached skill level 10 in Translocations
 38495 | Snake:4  | Reached skill level 10 in Transmutations
 38495 | Snake:4  | Reached skill level 10 in Fire Magic
 38495 | Snake:4  | Reached skill level 10 in Ice Magic
 38495 | Snake:4  | Reached skill level 10 in Air Magic
 38495 | Snake:4  | Reached skill level 10 in Earth Magic
 38495 | Snake:4  | Reached skill level 10 in Poison Magic
 38726 | Snake:4  | Reached XP level 18. HP: 132/151 MP: 30/33
 39049 | Snake:4  | Found a runed translucent door.
 39049 | Snake:4  | Noticed jonnos's ghost (adept MiBe)
 39101 | Snake:4  | Killed jonnos's ghost
 39638 | Snake:4  | Received a gift from Okawaru
 40024 | Snake:4  | Identified the +1 dire flail of the Trees {drain, *Contam
                  | +Blink rPois Int-5}
 40249 | Snake:4  | Received a gift from Okawaru
 40877 | Snake:4  | Noticed Aizul
 40911 | Snake:4  | Killed Aizul
 41131 | Snake:4  | Reached skill level 14 in Axes
 42211 | Snake:4  | Received a gift from Okawaru
 43668 | Snake:4  | Received a gift from Okawaru
 44042 | Snake:4  | Received a gift from Okawaru
 44042 | Snake:4  | Reached XP level 19. HP: 152/159 MP: 35/35
 44104 | Snake:4  | Got a serpentine rune of Zot
 44233 | Snake:2  | Lost mutation: Your flesh is heat resistant. (rF+) [potion
                  | of mutation]
 44233 | Snake:2  | Lost mutation: You expend magic power (3 MP) to strengthen
                  | your wands. [potion of mutation]
 44233 | Snake:2  | Lost mutation: Your mind is acute. (Int +2) [potion of
                  | mutation]
 44233 | Snake:2  | Gained mutation: Your mind is acute. (Int +2) [potion of
                  | mutation]
 44233 | Snake:2  | Gained mutation: You passively map a small area around you.
                  | [potion of mutation]
 44234 | Snake:2  | Lost mutation: Your mind is acute. (Int +2) [potion of
                  | mutation]
 44234 | Snake:2  | Lost mutation: You passively map a small area around you.
                  | [potion of mutation]
 44234 | Snake:2  | Gained mutation: You are partially covered in yellow
                  | scales. (AC +2) [potion of mutation]
 44234 | Snake:2  | Gained mutation: Your flesh is heat resistant. (rF+)
                  | [potion of mutation]
 44234 | Snake:2  | Gained mutation: Your flesh is cold resistant. (rC+)
                  | [potion of mutation]
 44539 | Depths:1 | Entered Level 1 of the Depths
 44912 | D:15     | Received a gift from Okawaru
 45105 | D:15     | Received a gift from Okawaru
 45808 | D:15     | Received a gift from Okawaru
 46037 | Depths:1 | Found the +12 Vampire's Tooth {vamp}
 46422 | Depths:1 | Found Zaompeg's General Store.
 46431 | Depths:1 | Bought a scroll of identify for 34 gold pieces
 46431 | Depths:1 | Bought a potion of resistance for 170 gold pieces
 46431 | Depths:1 | Bought a scroll of remove curse for 51 gold pieces
 47042 | Depths:1 | Reached skill level 15 in Axes
 47084 | Depths:1 | Noticed a Brimstone Fiend
 47478 | Depths:1 | Received a gift from Okawaru
 48044 | Depths:1 | Identified the +9 shortbow "Itzig" {speed, Fragile rN+++
                  | Dex+7 Stlth+}
 48049 | Depths:1 | Noticed Asterion
 49049 | D:14     | Learned a level 1 spell: Animate Skeleton
 49051 | D:14     | Learned a level 1 spell: Summon Butterflies
 49055 | D:14     | Learned a level 3 spell: Dazzling Flash
 49059 | D:14     | Learned a level 3 spell: Mephitic Cloud
 49064 | D:14     | Learned a level 4 spell: Animate Dead
 49083 | D:14     | Learned a level 4 spell: Summon Lightning Spire
 49088 | D:14     | Learned a level 4 spell: Cause Fear
 49093 | D:14     | Learned a level 4 spell: Fulminant Prism
 49098 | D:14     | Learned a level 4 spell: Iskenderun's Mystic Blast
 49103 | D:14     | Learned a level 4 spell: Petrify
 49324 | Elf:1    | Entered Level 1 of the Elven Halls
 49410 | Elf:1    | Found a ruined gateway.
 49461 | Desolati | Entered the Desolation of Salt
 49511 | Desolati | Received a gift from Okawaru
 49850 | Desolati | Received a gift from Okawaru
 50094 | Desolati | Identified the Handbook of Stones and Ice
 50112 | Desolati | Got a slimy lapis lazuli ring
 50113 | Desolati | Identified the ring "Xusch" {Str+5 Int-3 Stlth-} (You found
                  | it in the Desolation of Salt)
 50135 | Desolati | Received a gift from Okawaru
 50696 | Desolati | Reached XP level 20. HP: 83/167 MP: 36/36
 51113 | Desolati | Got an ichor-stained ring mail
 51115 | Desolati | Got a translucent chain mail
 51116 | Desolati | Identified the +4 chain mail of Pekhu {+Fly rF- Str+3
                  | Int+4} (You found it in the Desolation of Salt)
 51117 | Desolati | Identified the cursed +1 ring mail of Springtime {rCorr
                  | Str+4 Int-4} (You found it in the Desolation of Salt)
 51130 | Desolati | Got an ancient jade ring
 51131 | Desolati | Identified the ring "Bidishro" {rElec rC+ MR+} (You found
                  | it in the Desolation of Salt)
 51234 | Desolati | Got bloodstained fire dragon scales
 51235 | Desolati | Identified the +2 fire dragon scales "Rapuof" {*Contam rF++
                  | rC- Regen+ Str+3 Int+4} (You found it in the Desolation of
                  | Salt)
 51239 | Desolati | Identified the Reference Book on Supportive Flames
 51242 | Desolati | Got a scorched mace
 51243 | Desolati | Identified the +6 mace "Grim" {vorpal, rC+} (You found it
                  | in the Desolation of Salt)
 51248 | Desolati | Got a faintly glowing hunting sling
 51249 | Desolati | Identified the +7 hunting sling of Doom {freeze, +Inv rC-
                  | rN+++} (You found it in the Desolation of Salt)
 53202 | Snake:3  | Learned a level 1 spell: Apportation
 53421 | Shoals:1 | Entered Level 1 of the Shoals
 54155 | Shoals:2 | Received a gift from Okawaru
 54245 | Shoals:2 | Found a frozen archway.
 54295 | IceCv    | Entered an ice cave
 54694 | IceCv    | Received a gift from Okawaru
 55248 | Shoals:2 | Reached skill level 16 in Axes
 56187 | Shoals:3 | Noticed Polyphemus
 56336 | Shoals:3 | Got a smoking rapier
 56337 | Shoals:3 | Identified the +2 rapier of Ropsef {elec, rElec rPois rN+++
                  | Str-4} (You found it on level 3 of the Shoals)
 56367 | Shoals:3 | Found the +9 staff of Wucad Mu {channel}
 56460 | Shoals:3 | Killed Polyphemus
 56460 | Shoals:3 | Received a gift from Okawaru
 57148 | Shoals:4 | Entered Level 4 of the Shoals
 57814 | Shoals:4 | Identified the amulet of Moderation {Reflect rElec rPois
                  | rC- Dex+4 SH+2}
 58034 | Shoals:4 | Found the ring of Robustness {AC+8}
 58374 | Shoals:4 | Reached XP level 21. HP: 174/174 MP: 38/38
 58476 | Shoals:4 | Received a gift from Okawaru
 59055 | Shoals:4 | Got a barnacled rune of Zot
 59099 | Shoals:4 | Received a gift from Okawaru
 59893 | Lair:2   | Learned a level 3 spell: Ignite Poison
 60110 | Elf:2    | Received a gift from Okawaru
 60333 | Elf:2    | Found Juod's Gadget Shop.
 60342 | Elf:2    | Bought a lamp of fire for 600 gold pieces
 60662 | Elf:2    | Found a runed translucent gate.
 60678 | Elf:2    | Found a runed translucent gate.
 60838 | Elf:2    | Found a runed translucent gate.
 60915 | Elf:2    | Received a gift from Okawaru
 61373 | Elf:2    | Received a gift from Okawaru
 62384 | Elf:3    | Entered Level 3 of the Elven Halls
 62484 | Elf:3    | Reached skill level 15 in Invocations
 62549 | Elf:3    | Reached skill level 17 in Axes
 62769 | Elf:3    | Received a gift from Okawaru
 63624 | Elf:3    | Identified the +10 battleaxe of the Last Souls {holy,
                  | Str+6}
 63629 | Elf:3    | Reached XP level 22. HP: 183/183 MP: 40/40
 63662 | Elf:3    | Identified the ring of the Eagle {rC+ Str+5}
 64063 | Elf:3    | Identified the Reference Book on Fetching Poisoning
 64081 | Elf:3    | Got a heavily runed chain mail
 64082 | Elf:3    | Identified the +0 chain mail of Noon {Dex+8} (You found it
                  | on level 3 of the Elven Halls)
 64110 | Elf:3    | Got a pitted scale mail
 64111 | Elf:3    | Identified the +4 scale mail "Wozeq" {rPois Str+4} (You
                  | found it on level 3 of the Elven Halls)
 64538 | D:5      | Bought a wand of clouds (6) for 450 gold pieces
 64720 | Orc:2    | Bought a ration for 60 gold pieces
 64720 | Orc:2    | Bought a ration for 60 gold pieces
 64720 | Orc:2    | Bought a ration for 60 gold pieces
 65018 | Vaults:1 | Entered Level 1 of the Vaults
 65077 | Vaults:1 | Found Qamagid's Gadget Shop.
 65865 | Vaults:1 | Reached skill level 15 in Shields
 66082 | Vaults:1 | Received a gift from Okawaru
 66621 | Vaults:1 | Got a fine leather armour
 66632 | Vaults:1 | Identified the +6 leather armour of Ishraig {MR+} (You
                  | found it on level 1 of the Vaults)
 66921 | Vaults:2 | Found Titife's Food Shop.
 66954 | Vaults:2 | Bought a ration for 50 gold pieces
 66954 | Vaults:2 | Bought a ration for 50 gold pieces
 66954 | Vaults:2 | Bought a ration for 50 gold pieces
 66954 | Vaults:2 | Bought a ration for 50 gold pieces
 66954 | Vaults:2 | Bought a ration for 50 gold pieces
 66954 | Vaults:2 | Bought a ration for 50 gold pieces
 66954 | Vaults:2 | Bought a ration for 50 gold pieces
 67207 | Vaults:2 | Reached skill level 18 in Axes
 67570 | Vaults:2 | Reached XP level 23. HP: 190/190 MP: 41/41
 68140 | Vaults:2 | Reached skill level 15 in Maces & Flails
 68140 | Vaults:2 | Reached skill level 15 in Armour
 68155 | Vaults:2 | Received a gift from Okawaru
 68620 | Vaults:2 | Received a gift from Okawaru
 69208 | Vaults:3 | Got a steaming iron ring
 69210 | Vaults:3 | Identified the ring of Riraun {*Tele rF+ MR+ Str+2} (You
                  | found it on level 3 of the Vaults)
 69290 | Vaults:3 | Received a gift from Okawaru
 69551 | Vaults:3 | Reached skill level 15 in Short Blades
 69551 | Vaults:3 | Reached skill level 15 in Long Blades
 69551 | Vaults:3 | Reached skill level 15 in Polearms
 69551 | Vaults:3 | Reached skill level 15 in Staves
 69551 | Vaults:3 | Reached skill level 15 in Slings
 69551 | Vaults:3 | Reached skill level 15 in Bows
 69551 | Vaults:3 | Reached skill level 15 in Crossbows
 69551 | Vaults:3 | Reached skill level 15 in Throwing
 69551 | Vaults:3 | Reached skill level 15 in Dodging
 69551 | Vaults:3 | Reached skill level 15 in Stealth
 69551 | Vaults:3 | Reached skill level 15 in Unarmed Combat
 69551 | Vaults:3 | Reached skill level 15 in Spellcasting
 69551 | Vaults:3 | Reached skill level 15 in Evocations
 69971 | Vaults:3 | Found a staircase to the Crypt.
 71708 | Vaults:4 | Got a sparkling copper amulet
 71709 | Vaults:4 | Identified the amulet of Happiness {Faith *Drain rElec MR+
                  | Stlth+} (You found it on level 4 of the Vaults)
 72625 | Vaults:5 | Entered Level 5 of the Vaults
 72653 | Vaults:5 | Noticed an ancient lich
 72660 | Vaults:5 | Reached XP level 24. HP: 199/199 MP: 38/42
 72704 | Vaults:4 | Received a gift from Okawaru
 72704 | Vaults:4 | Reached skill level 19 in Axes
 72801 | Vaults:4 | Received a gift from Okawaru
 72917 | Vaults:4 | Received a gift from Okawaru
 73080 | Vaults:5 | HP: 6/199 [redback (5)]
 73931 | Vaults:4 | Killed an ancient lich
 75321 | Vaults:5 | Received a gift from Okawaru
 75674 | Vaults:5 | Reached XP level 25. HP: 206/206 MP: 42/42
 75874 | Vaults:5 | Identified the +1 scimitar of Wisdom {antimagic, *Corrode
                  | rC+ MR+}
 76150 | Vaults:5 | Identified the +11 scimitar of Beogh's Favour {vorpal,
                  | +Blink Int+6}
 76261 | Vaults:5 | Received a gift from Okawaru
 76531 | Vaults:5 | Reached skill level 20 in Axes
 76610 | Vaults:5 | Reached skill level 15 in Translocations
 77316 | Vaults:5 | Got a silver rune of Zot
 77584 | Vaults:5 | Got an agate-encrusted plate armour
 77595 | Vaults:5 | Identified the +1 plate armour "Asapao" {rCorr} (You found
                  | it on level 5 of the Vaults)
 77962 | Vaults:5 | Identified the Catalogue of Twisted Cold
 78002 | Vaults:5 | Learned a level 5 spell: Lee's Rapid Deconstruction
 78007 | Vaults:5 | Learned a level 4 spell: Hailstorm
 78449 | Orc:2    | Bought a book of Dreams for 1050 gold pieces
 78458 | Orc:2    | Learned a level 6 spell: Shadow Creatures
 78809 | Lair:2   | Learned a level 5 spell: Silence
 79157 | Depths:1 | Found a gateway to Hell.
 79243 | Depths:1 | Noticed the Enchantress
 79277 | Depths:1 | Killed the Enchantress
 79392 | Depths:1 | Found a one-way gate leading to the halls of Pandemonium.
 79597 | Depths:2 | Found a one-way gate to the infinite horrors of the Abyss.
 79597 | Depths:2 | Noticed Louise
 79601 | Depths:2 | Killed Louise
 79975 | Depths:2 | Noticed Bai Suzhen
 80036 | Depths:2 | Killed Bai Suzhen
 80036 | Depths:2 | Received a gift from Okawaru
 80606 | Depths:2 | Received a gift from Okawaru
 80854 | Depths:2 | Paralysed by a great orb of eyes for 7 turns
 81335 | Depths:2 | Reached XP level 26. HP: 176/215 MP: 43/43
 81580 | Depths:2 | Received a gift from Okawaru
 81665 | Depths:2 | Found the +6 shillelagh "Devastator" {shatter}
 82069 | Depths:3 | Found a transporter.
 82093 | Depths:3 | Received a gift from Okawaru
 82096 | Depths:3 | Got a pair of shimmering gloves {god gift}
 82174 | Depths:3 | Identified the +0 pair of gloves of Kualoxiv {rElec MP+9}
                  | (Okawaru gifted it to you on level 3 of the Depths)
 82307 | Depths:3 | Found a transporter.
 82440 | Depths:3 | Found a runed translucent door.
 82440 | Depths:3 | Noticed malesh's ghost (veteran HOFi)
 82442 | Depths:3 | Noticed Frederick
 82464 | Depths:3 | Killed Frederick
 82595 | Depths:3 | Killed malesh's ghost
 82601 | Depths:3 | Got a smoking steel ring
 82602 | Depths:3 | Identified the ring "Kuriohep" {rF+ Stlth-} (You found it
                  | on level 3 of the Depths)
 83373 | Depths:4 | Found Sanorony's Book Boutique.
 83379 | Depths:4 | Bought a book of Fire for 780 gold pieces
 83750 | Snake:2  | Learned a level 5 spell: Fireball
 84167 | Depths:4 | Found Tuar's Gadget Emporium.
 84204 | Depths:4 | Found Joarior's Food Emporium.
 84219 | Depths:4 | Found Eppujironk's Armour Emporium.
 84356 | Depths:4 | Identified the ring of Zirphu Kuot {rPois rN+ MR+} (You
                  | acquired it on level 4 of the Depths)
 84399 | Depths:4 | Found Sugoytra's Assorted Antiques.
 84723 | Depths:4 | Reached skill level 21 in Axes
 85144 | Depths:5 | Entered Level 5 of the Depths
 85345 | Depths:5 | Received a gift from Okawaru
 85404 | Depths:5 | HP: 2/217 [deep troll earth mage/blast of metal fragments
                  | (19)]
 85408 | Depths:5 | Killed from afar by a deep troll earth mage

Levels and vault maps discovered:
D:1:      shiori_arrival_oz, layout_rooms, serial_park_tiny_pond,
          minmay_bisected
D:2:      layout_rooms, zin_treasury, xom_redecorated
D:3:      layout_basic, yredelemnul_altar_generic,
          nicolae_overflow_hidden_temple, fedhas_altar_4
D:4:      layout_gridville, overflow_temple_1_default,
          minmay_temple_entry_junction, serial_shops, kennysheep_mini
D:5:      layout_basic, first_ration, gammafunk_ghost_grave, serial_shops, shop
D:6:      layout_basic, lemuel_crystal_altar,
          chequers_temple_overflow_statue_of_worship, serial_shops,
          nicolae_shop_stone, uniq_duvessa
D:7:      layout_layer_cave, uniq_joseph
D:8:      layout_basic, hangedman_tree_tricks, uniq_maggie
D:9:      layout_cave_pools, minmay_orc_entry_temple_small, serial_glass,
          glass_columns_a, glass_columns_a, glass_columns_c, glass_columns_c
D:10:     layout_small_grid, david_lair_generic, ebering_ghost_gozag,
          david_nohive_1, uniq_nergalle
D:11:     layout_roguey, serial_shops, shop, minmay_misc_feat_iff,
          elves_outpost_lemuel, uniq_gastronok, uniq_grum
D:12:     layout_cave_pods, serial_glass, glass_columns_a, glass_columns_a,
          biasface_ghost_orc_armoury, minmay_statue_crystal_thing, uniq_sonja
D:13:     layout_loops_ring, ebering_dispersal_statue_hall
D:14:     layout_cave_pods, hangedman_vaults_entry_quadrant_bands, basic_altar,
          grunt_qazlal_sundering, uniq_rupert
D:15:     grunt_enter_depths_snipers, layout_cave_pools, serial_bayou_pond_b
Temple:   minmay_temple_bridge_abc
Lair:1:   layout_chaotic_city, basic_altar, serial_rivers,
          chequers_serial_rivers_room_b, chequers_serial_rivers_micro_a,
          chequers_serial_rivers_micro_e, chequers_serial_rivers_large_b,
          chequers_serial_rivers_micro_b, chequers_serial_rivers_small_a,
          grunt_forest_small_clearings, infiniplex_staircase_pool
Lair:2:   dragon1_lemuel, layout_small_grid, grunt_megastairs_1,
          serial_bayou_shore_a
Lair:3:   layout_long_grid, guppyfry_snake_entry_island, beast_lair_carwin_1,
          lemuel_fruit_fields
Lair:4:   layout_hall_layers, elwin_shoals_entry_rooms, beast_lair_carwin_10,
          serial_bayou_shore_b, uniq_kirke, uniq_urug, uniq_nessos
Lair:5:   layout_roguey, nicolae_slime_entry_slimehenge
Lair:6:   cheibrodos_lair_end_hotspot, layout_gridlike, gauntlet_entry_generic
Shoals:1: layout_shoals
Shoals:2: layout_shoals, portal_ice_cave_entry_ice_statue_one,
          nicolae_shoals_aquamancer_cove
Shoals:3: layout_shoals, uniq_polyphemus
Shoals:4: shoals_end_hangedman, layout_shoals,
          nicolae_shoals_arrival_archipelago
Snake:1:  layout_concentric_octagons, serial_bayou_shore_b
Snake:2:  layout_cave_town, lemuel_fruit_tree, uniq_vashnia
Snake:3:  layout_cave_pods
Snake:4:  grunt_snake_rune_spirals, layout_onion, gammafunk_ghost_grave,
          special_room, uniq_aizul
Orc:1:    layout_diamond_mine, ebering_ghost_xom, uniq_fannar
Orc:2:    grunt_orc_community_town_hall, layout_caves,
          grunt_orc_community_big_house_2, grunt_orc_community_big_house_2,
          grunt_orc_community_house_2, grunt_orc_community_house_3,
          grunt_orc_community_house_2, grunt_orc_community_house_1,
          grunt_orc_community_house_2, grunt_orc_community_house_1, basic_altar
Elf:1:    eino_elf_arrival_the_gate, layout_geoelf_octagon,
          portal_desolation_entry_salt, lightli_enter_wizlab_magi_temple,
          hangedman_corner_corridor, serial_sigils_hangedman_snap,
          serial_sigils_hangedman_writhe
Elf:2:    layout_onion_city, serial_shops, shop
Elf:3:    elf_hall, layout_gridlike, item_on_display_a
Vaults:1: nicolae_vaults_disjoint_gnomons, hangedman_vaults_stream,
          vaults_room_hallway, nicolae_vaults_alarming, v_misc_16,
          layout_vaults_chaotic_city, serial_shops, nicolae_shop_trees
Vaults:2: grunt_vaults_bifocal, hangedman_vaults_pinch,
          nicolae_vaults_angled_halls, nicolae_vaults_quartermaster,
          v_alt_pattern_4, ontoclasm_vaults_twist, hangedman_vaults_stagger,
          vaults_mumra_hex, grunt_vaults_hallway_short,
          ontoclasm_vaults_shuriken, vaults_mumra_minichess, vaults_room_fours,
          v_pattern_2, layout_vaults_maze_snakey, serial_shops,
          nicolae_shop_statue_plus
Vaults:3: st_more_cells, hangedman_vaults_corner, v_misc_28,
          minmay_crypt_entry_nasty_monster, v_misc_8, hangedman_vaults_stitches,
          nicolae_vaults_rhombus_6, vaults_room_pools, ontoclasm_vaults_chip,
          ontoclasm_vaults_loading_screen, vaults_dpeg_diagonal,
          nicolae_vaults_rhombus_7, ontoclasm_vaults_idyll,
          nicolae_vaults_theta, layout_vaults_big_cross
Vaults:4: serial_ice_h, v_misc_10, v_misc_27, nicolae_vaults_yaktaur_gun_rack,
          nicolae_vaults_mini_display_case, v_rooms_5, v_misc_18, v_misc_16,
          nicolae_vaults_hallways_thing, nicolae_vaults_little_squares_2,
          grunt_vaults_focal, layout_vaults_omnigrid
Vaults:5
Depths:1: layout_gridville, hex_tiny, grunt_pan_entry_sceptre, serial_shops,
          shop, hell_entry, minmay_guarded_unrand_vampires_tooth,
          serial_bayou_shore_b, infiniplex_staircase_pool_lava, uniq_asterion,
          uniq_enchantress
Depths:2: evilmike_lava_path, layout_cave_pools, hangedman_abyss_or_decor_stabs,
          grunt_pan_entry_spiral, nicolae_abyss_entry_one_way_or_another,
          hell_entry, minivault_16, kennysheep_generic_room_6,
          infiniplex_staircase_door_maze, uniq_bai_suzhen
Depths:3: gammafunk_sealed_arena, layout_cave_pools, solitary_fountain,
          gammafunk_ghost_grave, grunt_hell_entry_dis_old,
          rand_demon_pan_entry_1, uniq_frederick
Depths:4: minmay_stepped, layout_basic, serial_shops, shop_fountains,
          kennysheep_little_box, shop, nicolae_shop_statue_plus, shop_fountains,
          grunt_decor_arrowhead, abyss_entry, hell_entry, firewood_loft,
          infiniplex_staircase_star
Depths:5: hangedman_slaughterboxes, pan_entry, hell_entry

Skill      XL: |  1  2  3  4  5  6  7  8  9 10 11 12 13 14 15 16 17 18 19 20 21 22 23 24 25 26 |
---------------+-------------------------------------------------------------------------------+-----
Fighting       | 13 14 15 16 17 18 19 | 19.7
Invocations    | 1 2 3 4 5 6 7 8 9 10 11 12 13 14 15 16 17 18 | 18.1
Short Blades   | 1 2 3 4 5 6 7 8 9 10 11 12 13 14 15 16 | 16.8
Long Blades    | 1 2 3 4 5 6 7 8 9 10 11 12 13 14 15 16 | 16.8
Axes           | 1 2 3 4 5 6 7 8 9 11 12 13 14 15 16 17 18 19 20 21 | 21.1
Polearms       | 1 2 3 4 5 6 7 8 9 10 11 12 13 14 15 16 | 16.8
Staves         | 1 2 3 4 5 6 7 8 9 10 11 12 13 14 15 16 | 16.8
Slings         | 1 2 3 4 5 6 7 8 9 10 11 12 13 14 15 16 | 16.8
Bows           | 1 2 3 4 5 6 7 8 9 10 11 12 13 14 15 16 | 16.8
Crossbows      | 1 2 3 4 5 6 7 8 9 10 11 12 13 14 15 16 | 16.8
Throwing       | 1 2 3 4 5 6 7 8 9 10 11 12 13 14 15 16 | 16.8
Dodging        | 1 2 3 4 5 6 7 8 9 10 11 12 13 14 15 16 | 16.8
Stealth        | 1 2 3 4 5 6 7 8 9 10 11 12 13 14 15 16 | 16.8
Unarmed Combat | 1 2 3 4 5 6 7 8 9 10 11 12 13 14 15 16 | 16.8
Spellcasting   | 1 2 3 4 5 6 7 8 9 10 11 12 13 14 15 16 | 16.8
Evocations     | 1 2 3 4 5 6 7 8 9 10 11 12 13 14 15 16 | 16.8
Conjurations   | 1 2 3 4 5 6 7 8 9 10 11 12 13 14 | 14.5
Hexes          | 1 2 3 4 5 6 7 8 9 10 11 12 13 14 | 14.5
Charms         | 1 2 3 4 5 6 7 8 9 10 11 12 13 14 | 14.5
Summonings     | 1 2 3 4 5 6 7 8 9 10 11 12 13 14 | 14.5
Necromancy     | 1 2 3 4 5 6 7 8 9 10 11 12 13 14 | 14.5
Translocations | 1 2 3 4 5 6 7 8 9 10 11 12 13 14 15 16 | 16.2
Transmutations | 1 2 3 4 5 6 7 8 9 10 11 12 13 14 | 14.5
Fire Magic     | 1 2 3 4 5 6 7 8 9 10 11 12 13 14 | 14.5
Ice Magic      | 1 2 3 4 5 6 7 8 9 10 11 12 13 14 | 14.5
Air Magic      | 1 2 3 4 5 6 7 8 9 10 11 12 13 14 | 14.5
Earth Magic    | 1 2 3 4 5 6 7 8 9 10 11 12 13 14 | 14.5
Poison Magic   | 1 2 3 4 5 6 7 8 9 10 11 12 13 14 | 14.5
Maces & Flails | 3 4 5 6 7 8 9 10 11 12 13 14 15 16 17 | 17.0
Armour         | 3 4 5 6 7 8 9 10 11 12 13 14 15 16 17 | 17.0
Shields        | 5 6 7 8 9 10 11 12 13 14 15 16 17 | 17.3

Action                   |  1- 3 |  4- 6 |  7- 9 | 10-12 | 13-15 | 16-18 | 19-21 | 22-24 | 25-27 || total
-------------------------+-------+-------+-------+-------+-------+-------+-------+-------+-------++-------
Melee: Mace              |    86 |   170 |    53 |       |       |       |       |       |       ||   309
       Bite              |     5 |    23 |    29 |    95 |   212 |   320 |   533 |   721 |   552 ||  2490
       Falchion          |       |       |   148 |       |       |       |    79 |       |       ||   227
       Long sword        |       |       |    28 |       |       |       |       |       |       ||    28
       Scimitar          |       |       |    93 |   654 |  1463 |  1790 |  1230 |    28 |   154 ||  5412
       Broad axe         |       |       |       |       |    25 |     5 |       |       |       ||    30
       Quick blade       |       |       |       |       |       |       |  1428 |  2926 |  1932 ||  6286
       Rapier            |       |       |       |       |       |       |    10 |       |       ||    10
Throw: Dart              |       |     2 |    20 |    35 |    50 |   145 |    89 |    18 |       ||   359
       Javelin           |       |       |       |       |     6 |    44 |    37 |   128 |    23 ||   238
       Throwing net      |       |       |       |       |       |     3 |       |       |       ||     3
       Boomerang         |       |       |       |       |       |     3 |       |       |       ||     3
 Cast: Slow              |       |       |       |     4 |       |       |       |       |       ||     4
       Call Imp          |       |       |       |     4 |       |       |       |       |       ||     4
       Fulminant Prism   |       |       |       |       |       |       |     2 |       |       ||     2
       Summon Butterflie |       |       |       |       |       |       |     5 |       |     3 ||     8
       Iskenderun's Myst |       |       |       |       |       |       |     1 |       |       ||     1
       Ignite Poison     |       |       |       |       |       |       |    15 |     3 |       ||    18
       Animate Dead      |       |       |       |       |       |       |       |     4 |    16 ||    20
       Blink             |       |       |       |       |       |       |       |       |     8 ||     8
       Lee's Rapid Decon |       |       |       |       |       |       |       |       |     2 ||     2
       Fireball          |       |       |       |       |       |       |       |       |     6 ||     6
       Hailstorm         |       |       |       |       |       |       |       |       |     6 ||     6
       Silence           |       |       |       |       |       |       |       |       |     1 ||     1
Invok: Heroism           |       |       |     3 |    21 |    31 |    24 |    38 |    29 |    20 ||   166
       Finesse           |       |       |       |     5 |    19 |    14 |    18 |    14 |     7 ||    77
 Abil: Evoke Flight      |       |       |       |       |     2 |       |       |       |       ||     2
       Evoke Blink       |       |       |       |       |     1 |       |       |       |       ||     1
       Evoke Invisibilit |       |       |       |       |       |       |       |       |     1 ||     1
Evoke: Wand              |       |       |       |     2 |     2 |    10 |     2 |     6 |     3 ||    25
       Lightning rod     |       |       |       |       |     4 |       |     8 |     3 |       ||    15
       Lamp of fire      |       |       |       |       |       |       |     1 |     4 |     3 ||     8
       Phial of floods   |       |       |       |       |       |       |       |     3 |     1 ||     4
       Box of beasts     |       |       |       |       |       |       |       |     1 |       ||     1
  Use: Scroll            |     3 |     9 |    10 |    14 |    17 |     8 |    20 |    12 |    14 ||   107
       Potion            |       |       |     1 |     7 |     7 |     6 |     3 |     5 |     3 ||    32
 Stab: Distracted        |     1 |       |       |       |     2 |       |     3 |     3 |     7 ||    16
       Paralysed         |       |       |       |       |     5 |       |       |       |       ||     5
       Invisible         |       |       |       |       |     1 |       |       |       |     8 ||     9
       Sleeping          |       |       |       |       |       |     2 |    10 |    48 |    13 ||    73
       Fleeing           |       |       |       |       |       |     1 |       |       |       ||     1
       Held in net/web   |       |       |       |       |       |       |     2 |       |       ||     2
  Eat: Chunk             |       |     7 |    10 |    15 |    37 |    16 |    23 |    18 |     6 ||   132
       Ration            |       |       |     1 |     3 |     4 |    11 |    13 |     6 |     8 ||    46
Armor: Robe              |     9 |       |       |       |       |       |       |       |       ||     9
       Chain mail        |    41 |    80 |   140 |     8 |       |       |       |       |       ||   269
       Scale mail        |       |       |    44 |    14 |       |       |       |       |       ||    58
       Acid dragon scale |       |       |       |    53 |       |       |    47 |   175 |   105 ||   380
       Crystal plate arm |       |       |       |   304 |   692 |       |       |       |       ||   996
       Plate armour      |       |       |       |       |   108 |   553 |   607 |       |    21 ||  1289
Dodge: Dodged            |    49 |    61 |   189 |   287 |   497 |   668 |   836 |   713 |   392 ||  3692
       Deflected         |       |       |       |       |    25 |       |       |       |       ||    25
Block: Buckler           |    23 |    49 |   111 |   229 |   574 |       |       |       |       ||   986
       Kite shield       |       |       |       |       |   177 |   891 |   657 |       |       ||  1725
       Tower shield      |       |       |       |       |       |   490 |  1293 |  1894 |  1242 ||  4919
       Reflection        |       |       |       |       |       |       |   115 |    64 |    41 ||   220
       Rpst.: Falchion   |       |       |    18 |       |       |       |     4 |       |       ||    22
       Long sword        |       |       |     1 |       |       |       |       |       |       ||     1
       Scimitar          |       |       |    19 |    86 |   131 |   123 |   136 |     3 |    13 ||   511

Table legend:
 A = Non-vault XP
 B = Vault XP
 C = Vault XP percentage of total XP
 D = Non-vault monster count
 E = Vault monster count
 F = Vault count percentage of total count
                 A         B        C        D         E       F
            +---------+---------+-------+---------+---------+-------
      Total |  582638 |  641959 |  52.4 |    1371 |     863 |  38.6
            +---------+---------+-------+---------+---------+-------
        D:1 |      59 |       8 |  11.9 |      26 |       4 |  13.3
        D:2 |      72 |       0 |   0.0 |      23 |       0 |   0.0
        D:3 |      86 |       0 |   0.0 |      20 |       0 |   0.0
        D:4 |     746 |       0 |   0.0 |      24 |       0 |   0.0
        D:5 |     533 |     324 |  37.8 |      22 |       1 |   4.3
        D:6 |    1065 |     226 |  17.5 |      13 |       2 |  13.3
        D:7 |    1546 |     450 |  22.5 |      24 |       1 |   4.0
        D:8 |    2345 |    1523 |  39.4 |      25 |       3 |  10.7
        D:9 |    1771 |     746 |  29.6 |      19 |      10 |  34.5
       D:10 |    3428 |    5385 |  61.1 |      29 |      24 |  45.3
       D:11 |    3650 |    7988 |  68.6 |      39 |      15 |  27.8
       D:12 |    3856 |    2764 |  41.8 |      33 |      12 |  26.7
       D:13 |    5291 |       0 |   0.0 |      20 |       0 |   0.0
       D:14 |   14164 |    9384 |  39.9 |      41 |      21 |  33.9
       D:15 |   21643 |    7328 |  25.3 |      47 |      12 |  20.3
     Lair:1 |    1618 |       0 |   0.0 |       8 |       0 |   0.0
     Lair:2 |    4362 |    1196 |  21.5 |      26 |       3 |  10.3
     Lair:3 |    4691 |    1203 |  20.4 |      14 |       9 |  39.1
     Lair:4 |    9595 |    6887 |  41.8 |      20 |      12 |  37.5
     Lair:5 |    6520 |     141 |   2.1 |      21 |       4 |  16.0
     Lair:6 |    6991 |    8967 |  56.2 |      28 |      28 |  50.0
   Shoals:1 |    5549 |       0 |   0.0 |      14 |       0 |   0.0
   Shoals:2 |   11614 |    4014 |  25.7 |      25 |       5 |  16.7
   Shoals:3 |   16753 |    5938 |  26.2 |      35 |       5 |  12.5
   Shoals:4 |   21577 |   20154 |  48.3 |      46 |      29 |  38.7
    Snake:1 |   23911 |       0 |   0.0 |      41 |       0 |   0.0
    Snake:2 |   21037 |    7350 |  25.9 |      38 |       4 |   9.5
    Snake:3 |   23809 |       0 |   0.0 |      37 |       0 |   0.0
    Snake:4 |   23205 |   58886 |  71.7 |      44 |      91 |  67.4
      Orc:1 |    5468 |    3633 |  39.9 |      45 |       5 |  10.0
      Orc:2 |    4611 |    8227 |  64.1 |      52 |      75 |  59.1
      Elf:1 |   13862 |    4476 |  24.4 |      25 |       8 |  24.2
      Elf:2 |   15084 |   24785 |  62.2 |      24 |      30 |  55.6
      Elf:3 |   27319 |   46692 |  63.1 |      40 |      31 |  43.7
   Vaults:1 |   47362 |    6566 |  12.2 |      75 |      11 |  12.8
   Vaults:2 |   32140 |   36880 |  53.4 |      44 |      56 |  56.0
   Vaults:3 |   30476 |   21087 |  40.9 |      57 |      21 |  26.9
   Vaults:4 |   23159 |   68854 |  74.8 |      30 |      56 |  65.1
   Vaults:5 |   33627 |  101481 |  75.1 |      43 |      74 |  63.2
   Depths:1 |   23638 |   19745 |  45.5 |      33 |      27 |  45.0
   Depths:2 |   34883 |   39091 |  52.8 |      34 |      37 |  52.1
   Depths:3 |   31259 |    8379 |  21.1 |      47 |       4 |   7.8
   Depths:4 |   17975 |   18808 |  51.1 |      19 |       6 |  24.0
   Depths:5 |     288 |   27195 |  99.0 |       1 |      14 |  93.3
      IceCv |       0 |   11238 | 100.0 |       0 |      28 | 100.0
 Desolation |       0 |   39508 | 100.0 |       0 |      74 | 100.0
   Gauntlet |       0 |    4452 | 100.0 |       0 |      11 | 100.0
            +---------+---------+-------+---------+---------+-------
